 Dungeon Crawl Stone Soup version 0.30-b1-2-g02819fbbbe (webtiles) character file.

Game seed: 14686932992525820517

170 Arzdou the Vexing (level 5, -1/28 HPs)
             Began as a Kobold Enchanter on June 2, 2023.
             Slain by Edmund
             ... wielding a +1 flail of protection
              (15 damage)
             ... on level 3 of the Dungeon.
             The game lasted 00:03:37 (2918 turns).

Arzdou the Vexing (Kobold Enchanter)                Turns: 2918, Time: 00:03:38

Health: -1/28      AC:  2    Str:  6    XL:     5   Next: 80%
Magic:  1/11       EV: 15    Int: 18    God:
Gold:   119        SH:  0    Dex: 15    Spells: 4/12 levels left

rFire   . . .        i - +1 dagger (drain)
rCold   . . .        (no shield)
rNeg    . . .        b - +0 robe
rPois   .            (no helmet)
rElec   .            (no cloak)
rCorr   .            (no gloves)
SInv    .            (no boots)
Will    .....        (no amulet)
Stlth   ++++         r - ring of wizardry
HPRegen 0.24/turn    (no ring)
MPRegen 0.12/turn

%: wizardry (x1)
@: no status effects
A: small, no large weapons, nightstalker 3
a: no special abilities


You were on level 3 of the Dungeon.
You visited 1 branch of the dungeon, and saw 4 of its levels.

You collected 119 gold pieces.

Inventory:

Hand Weapons
 a - a +1 dagger
 i - a +1 dagger of draining (weapon)
Armour
 b - a +0 robe (worn)
Jewellery
 r - a ring of wizardry (left hand)
Scrolls
 e - 3 scrolls of teleportation {unknown}
 f - 2 scrolls of immolation {unknown}
 g - 2 scrolls of identify {unknown}
 k - 2 scrolls of vulnerability {unknown}
 l - a scroll of blinking {unknown}
 m - a scroll of enchant weapon {unknown}
 o - a scroll of amnesia {unknown}
 p - a scroll of acquirement {unknown}
 s - a scroll of magic mapping {unknown}
Potions
 c - a potion of invisibility
 d - a potion of attraction {unknown}
 h - 2 potions of heal wounds {unknown}
 j - 3 potions of haste {unknown}
 n - a potion of flight {unknown}
 q - a potion of mutation {unknown}
 t - a potion of brilliance {unknown}
 u - 2 potions of magic {unknown}
 v - a potion of curing


   Skills:
 - Level 1.6 Short Blades
 - Level 2.5 Dodging
 - Level 4.1 Stealth
 + Level 4.1 Spellcasting
 + Level 4.6 Hexes


You had 4 spell levels left.
You knew the following spells:

 Your Spells              Type           Power      Damage    Failure   Level
a - Ensorcelled Hibernat  Hex/Ice        24%        N/A       3%          2
b - Confusing Touch       Hex            20%        N/A       2%          3
c - Tukima's Dance        Hex            20%        N/A       2%          3

Your spell library contained the following spells:

 Spells                   Type           Power      Damage    Failure   Level
 Summon Small Mammal      Summ           12%        N/A       6%          1
 Dazzling Flash           Conj/Hex       24%        N/A       7%          3
 Summon Guardian Golem    Hex/Summ       12%        N/A       7%          3
 Call Canine Familiar     Summ           3%         N/A       17%         3


Dungeon Overview and Level Annotations

Branches:
Dungeon (4/15)
 Temple: D:4-7

Altars:
Cheibriados
Dithmenos
Fedhas
Uskayaw
Zin

Annotations:
D:3 Edmund
D:4 Eustachio


Innate Abilities, Weirdness & Mutations

You are small and have problems with some larger weapons.
You are completely attuned to the shadows.


Message History

The goblin hits you but does no damage.
Casting: Ensorcelled Hibernation (safe; 3% risk of failure)
Confirm with . or Enter, or press ? or * to list all spells.
Aiming: Ensorcelled Hibernation (safe; 3% risk of failure)
Press: ? - help, Shift-Dir - straight line, f/p - goblin
Aim: a goblin, wielding a +0 dagger (chance to affect: 63%)
The goblin looks drowsy...
The helpless goblin fails to defend itself.
You impale the goblin!!
You kill the goblin!
Unknown command.
Casting: Ensorcelled Hibernation (safe; 3% risk of failure)
Confirm with . or Enter, or press ? or * to list all spells.
Aiming: Ensorcelled Hibernation (safe; 3% risk of failure)
Press: ? - help, Shift-Dir - straight line, f - Edmund
Aim: Edmund, wielding a +1 flail of protection and wearing a +0 chain mail (strong, chance to affect: 46%) Edmund resists with some effort.
Casting: Ensorcelled Hibernation (safe; 3% risk of failure)
Confirm with . or Enter, or press ? or * to list all spells.
You don't have enough magic to cast this spell.
There is a stone staircase leading up here.
Edmund closely misses you.
You climb upwards.
There is a stone staircase leading down here.
Edmund clears his throat.
Unknown command.
Edmund attacks as you move away! Edmund barely misses you.
Edmund mutters, "Who needs spells, anyway?"
Casting: Ensorcelled Hibernation (safe; 3% risk of failure)
Confirm with . or Enter, or press ? or * to list all spells.
Aiming: Ensorcelled Hibernation (safe; 3% risk of failure)
Press: ? - help, Shift-Dir - straight line, f - Edmund
Aim: Edmund, wielding a +1 flail of protection and wearing a +0 chain mail (strong, chance to affect: 46%) Edmund resists with some effort.
Edmund barely misses you. Edmund attacks as you move away!
Edmund hits you with a +1 flail of protection.
Edmund attacks as you move away!
Edmund hits you with a +1 flail of protection!
Ouch! That really hurt!
You die...

...# #........)..................
...#######....รท..................
....# .........................
....# ..........................
....# ..........................
...## .........................
...##.....................####...
...##............[...###### #...
................@........# #...
................@........# #...
.........................### #...
...............#...........###...
......####.###.#.#...#...........
...........###...#...#...........
.....###.......#...###...........
.............>...................
..............#..................


You could see Edmund (strong).

Vanquished Creatures
  A black bear (D:4)
  A gnoll (D:3)
  2 adders (D:2)
  An orc (D:2)
  3 ball pythons
  6 endoplasms
  3 giant cockroaches
  9 goblins
  5 hobgoblins
  2 jackals (D:4)
  2 kobolds
  2 quokkas
  2 bats
  2 frilled lizards (D:3)
  4 rats
45 creatures vanquished.

Notes
Turn   | Place    | Note
-------+----------+-------------------------------------------
     0 | D:1      | Arzdou the Kobold Enchanter began the quest for the Orb.
     0 | D:1      | Reached XP level 1. HP: 10/10 MP: 3/3
   266 | D:1      | Reached XP level 2. HP: 15/15 MP: 5/5
   269 | D:1      | Learned a level 2 spell: Ensorcelled Hibernation
   449 | D:1      | Found a faded altar of an unknown god.
  1245 | D:2      | Reached XP level 3. HP: 9/19 MP: 7/7
  1740 | D:2      | Learned a level 3 spell: Confusing Touch
  1744 | D:2      | Learned a level 3 spell: Tukima's Dance
  2011 | D:3      | Reached XP level 4. HP: 23/24 MP: 8/8
  2079 | D:3      | Found a shadowy altar of Dithmenos.
  2309 | D:3      | Found a snail-covered altar of Cheibriados.
  2372 | D:3      | Found a glowing silver altar of Zin.
  2372 | D:3      | Found a hide-covered altar of Uskayaw.
  2372 | D:3      | Found a blossoming altar of Fedhas.
  2618 | D:4      | Noticed Eustachio
  2695 | D:4      | Noticed a black bear
  2721 | D:4      | Killed a black bear
  2722 | D:4      | Reached XP level 5. HP: 3/28 MP: 9/11
  2892 | D:4      | Noticed Edmund
  2918 | D:3      | Slain by Edmund

Illustrated notes

Levels and vault maps discovered:
D:1:      eino_arrival_water_star, layout_basic,
          chequers_ecumenical_altar_simple_redux, skrybe_limestone_x
D:2:      layout_loops_corners, grunt_ministairs_14
D:3:      layout_basic, slow_altar_1, nicolae_overflow_crystal_walls,
          gammafunk_temple_overflow_claw
D:4:      layout_loops_ring, minmay_misc_feat_hallway, fountainhead, uniq_ijyb,
          uniq_edmund, uniq_eustachio

Skill      XL: |  1  2  3  4 |
---------------+-------------+-----
Spellcasting   | 3 4 |  4.1
Hexes          | 4 |  4.6
Short Blades   | |  1.6
Dodging        | |  2.5
Stealth        | |  4.1

Action                     |  1- 3 |  4- 6 || total
---------------------------+-------+-------++-------
  Melee: Dagger            |    63 |    46 ||   109
   Cast: Ensorcelled Hiber |       |     6 ||     6
    Use: Potion            |       |     1 ||     1
   Stab: Sleeping          |    16 |     9 ||    25
         Invisible         |       |     1 ||     1
 Armour: Robe              |    11 |     8 ||    19
  Dodge: Dodged            |    41 |    54 ||    95
